 Dungeon Crawl Stone Soup version 0.24-a0-408-gcc1054c7ca (webtiles) character file.

Game seed: 4676797743014430358

49 emperorscorpion the Skirmisher (level 3, -1/30 HPs)
             Began as a Demonspawn Chaos Knight on June 5, 2019.
             Was a Plaything of Xom.
             Slain by a shadow imp (3 damage)
             ... on level 6 of the Dungeon.
             The game lasted 00:02:08 (732 turns).

emperorscorpion the Skirmisher (DsCK)                Turns: 732, Time: 00:02:09

Health: -1/30      AC:  6    Str: 13    XL:     3   Next: 51%
Magic:  3/3        EV: 11    Int: 13    God:    Xom [...*..]
Gold:   58         SH:  0    Dex: 12    Spells: 2/2 levels left

rFire    . . .     SeeInvis .   a - +0 hand axe (chaos)
rCold    . . .     Gourm    .   (no shield)
rNeg     . . .     Faith    .   b - +2 leather armour
rPois    .         Spirit   .   (no helmet)
rElec    .         Reflect  .   (no cloak)
rCorr    .         Harm     .   (no gloves)
MR       .....                  r - +0 pair of boots
Stlth    +.........             e - amulet of the acrobat
HPRegen  0.10/turn              i - ring of flight
MPRegen  0.08/turn              (no ring)

@: no status effects
A: talons 1
a: Renounce Religion, Evoke Flight


You were on level 6 of the Dungeon.
You worshipped Xom.
You were a favourite toy of Xom.
You were not hungry.

You visited 1 branch of the dungeon, and saw 6 of its levels.

You collected 58 gold pieces.

Inventory:

Hand Weapons
 a - a +0 hand axe of chaos (weapon)
Armour
 b - a +2 leather armour (worn)
 r - a +0 pair of boots (worn)
Jewellery
 e - an amulet of the acrobat (around neck)
 f - an uncursed ring of ice
 i - a ring of flight (left hand)
Scrolls
 g - a scroll of magic mapping {unknown}
 j - a scroll of enchant armour {unknown}
 k - a scroll of blinking {unknown}
 l - 2 scrolls of remove curse {unknown}
 o - 3 scrolls of random uselessness {unknown}
 p - a scroll of identify {unknown}
Potions
 d - 4 potions of haste {unknown}
 h - a potion of degeneration {unknown}
 m - a potion of agility {unknown}
 q - a potion of curing {unknown}
Comestibles
 c - 6 rations
 n - a chunk of flesh


   Skills:
 + Level 3.6 Fighting
 + Level 3.3 Axes
 + Level 2.0 Armour
 + Level 1.1 Dodging
 + Level 0.4 Stealth


You had 2 spell levels left.
You didn't know any spells.
Your spell library was empty.

Dungeon Overview and Level Annotations

Branches:
Dungeon (6/15)
 Temple: D:4-7

Altars:


Innate Abilities, Weirdness & Mutations

You have sharp toenails.


Message History

You closely miss the shadow imp.
The shadow imp hits you but does no damage.
You hit the shadow imp but do no damage.
The shadow imp flickers and vanishes!
Deactivating autopickup; reactivate with Ctrl-A.
Something hits you.
You closely miss something. Something hits you.
You miss something. Something hits you but does no damage. Something hits you.
You hit something but do no damage. Something hits you.
You miss something. Something hits you but does no damage.
You barely miss something. Something hits you but does no damage.
You closely miss something. Something hits you.
You barely miss something. Something hits you but does no damage.
You miss something. Something hits you.
You hit something but do no damage. Something hits you.
You barely miss something. Pain shoots through your body!
* * * LOW HITPOINT WARNING * * *
Something hits you.
You die... "Huh?
Did I miss anything?"

## ... .. #P.
.#### #..
......
#..######...#
#..........#
+.....<....##
#.{...........
##.#@......####
#....###......
#....# ..####
#..#.# ....
#..#.# ...#.
#..#.......# #
##.####....# #.
...# #. ..#


There were no monsters in sight!

Vanquished Creatures
  An iguana (D:6)
  3 dart slugs
  2 leopard geckos
  A giant cockroach (D:1)
  A hobgoblin (D:1)
  A quokka (D:3)
  2 bats
  A frilled lizard (D:1)
  2 kobolds
  2 rats (D:3)
16 creatures vanquished.

Notes
Turn   | Place    | Note
-------+----------+-------------------------------------------
     0 | D:1      | emperorscorpion the Demonspawn Chaos Knight began the quest
                  | for the Orb.
     0 | D:1      | Reached XP level 1. HP: 18/18 MP: 1/1
   170 | D:1      | XOM: potion effect (invisibility)
   237 | D:1      | Gained mutation: You have sharp toenails. [demonic
                  | ancestry]
   237 | D:1      | Reached XP level 2. HP: 20/24 MP: 2/2
   611 | D:3      | Reached skill level 1 in Dodging
   677 | D:5      | Entered Level 5 of the Dungeon
   709 | D:6      | Reached XP level 3. HP: 30/30 MP: 3/3
   732 | D:6      | Slain by a shadow imp

Levels and vault maps discovered:
D:1:      dpeg_arrival_yet_another_circle, layout_loops_ring,
          chequers_decorated_corner, minmay_pentomino_o4
D:2:      layout_loops_corners, chequers_ecumenical_altar_simple_redux,
          uniq_robin
D:3:      layout_rooms, overflow_temple_1_default,
          gammafunk_temple_overflow_elements, first_ration
D:4:      layout_loops_corners, marbit_many_paths,
          minmay_temple_entry_proselytizer
D:5:      layout_gridville, minmay_circle_x
D:6:      corexii_shantytown, layout_basic, serial_bayou_ford_a,
          uniq_blork_the_orc, uniq_menkaure

Skill      XL: |  1  2 |
---------------+-------+-----
Axes           | 3 |  3.3
Dodging        | 1 |  1.1
Armour         | 2 |  2.0
Fighting       | |  3.6
Stealth        | |  0.4

Action                   || total
-------------------------++-------
Melee: Hand axe          ||    59
       Kick              ||     7
 Stab: Paralysed         ||     5
Armor: Leather armour    ||    27
Dodge: Dodged            ||    45

Table legend:
 A = Non-vault XP
 B = Vault XP
 C = Vault XP percentage of total XP
 D = Non-vault monster count
 E = Vault monster count
 F = Vault count percentage of total count
                 A         B        C        D         E       F
            +---------+---------+-------+---------+---------+-------
      Total |      70 |       0 |   0.0 |      16 |       0 |   0.0
            +---------+---------+-------+---------+---------+-------
        D:1 |      15 |       0 |   0.0 |       7 |       0 |   0.0
        D:2 |       5 |       0 |   0.0 |       2 |       0 |   0.0
        D:3 |      13 |       0 |   0.0 |       6 |       0 |   0.0
        D:6 |      37 |       0 |   0.0 |       1 |       0 |   0.0
            +---------+---------+-------+---------+---------+-------
